Map: Ruins of Endion

Players

Pokebunny

  • Race: Terran Terran
  • League: Grandmaster

Dropbear - Winner!

  • Race: Terran Terran
  • League: Grandmaster

VOD

Have the link to the VOD?

Description

Time

  • Played on: April 5, 2016, 12:38 a.m.
  • Length: 10:43
Show
View Real Time Build Order
Export as new Build Order

Pokebunny Terran 

Build Orders: Reaper Expand, MMM Bio 

Get SALT Encoding   

  12  0:00  SCV  
  13  0:13  SCV  
  14  0:17  Supply Depot  
  14  0:25  SCV  
  15  0:39  SCV  
  15  0:41  Barracks  
  16  0:44  Refinery  
  16  0:51  SCV  
  17  1:03  SCV  
  18  1:15  SCV  
  19  1:27  Orbital Command  
  19  1:28  Reaper  
  20  1:40  Command Center  
  20  1:50  Supply Depot  
  20  1:53  SCV  
  21  2:00  Marine  
  22  2:06  Factory  
  22  2:07  SCV  
  23  2:16  Refinery  
  23  2:17  Marine  
  25  2:22  SCV  
  25  2:42  Marine  
  26  2:48  SCV  
  26  2:50  Starport  
  28  2:51  Hellion  
  28  2:52  Orbital Command  
  28  3:01  SCV  
  28  3:02  Marine  
  30  3:13  Factory Tech Lab  
  30  3:14  Barracks  
  30  3:18  SCV  
  30  3:19  Barracks, SCV  
  32  3:22  Barracks Tech Lab  
  32  3:27  Medivac  
  34  3:35  Siege Tank  
  34  3:39  Supply Depot, SCV x2  
  39  3:42  Marine  
  35  4:00  Marine  
  34  4:04  SCV  
  34  4:05  SCV  
  39  4:15  Barracks Reactor x2  
  39  4:16  Stimpack  
  36  4:17  Marine  
  36  4:21  SCV x2  
  39  4:27  Supply Depot  
  39  4:28  Starport Reactor  
  34  4:35  Marine  
  31  4:42  SCV x2  
  31  4:44  Siege Tank  
  36  4:52  Marine x4  
  40  4:53  Marine  
  41  5:00  SCV x2  
  41  5:06  Medivac  
  44  5:09  Marine x2  
  44  5:10  Marine x2  
  44  5:12  SCV  
  49  5:19  Engineering Bay  
  49  5:27  Orbital Command  
  47  5:30  Siege Tank  
  50  5:35  Marine x2  
  50  5:36  Marine x3  
  55  5:45  Supply Depot  
  52  5:54  Missile Turret  
  50  6:02  Viking  
  52  6:06  Orbital Command  
  52  6:18  SCV  
  53  6:25  Combat Shields  
  53  6:29  Medivac  
  53  6:30  Missile Turret  
  53  6:36  Medivac  
  55  6:40  SCV x2  
  55  6:45  Supply Depot  
  57  6:52  SCV x2  
  57  6:53  Supply Depot  
  58  6:58  Siege Tank  
  61  7:21  Marine  
  61  7:22  Marine x4  
  55  7:37  Siege Tank  
  55  7:39  Marine x2  
  55  7:40  Marine x3, Medivac  
  55  7:41  SCV  
  55  7:42  SCV  
  65  7:57  Marine x2  
  66  8:01  Command Center  
  66  8:06  SCV x2  
  66  8:07  Refinery  
  68  8:26  SCV x2  
  57  8:30  Marine x5  
  57  8:33  Siege Tank  
  65  8:40  SCV  
  65  8:41  SCV  
  63  8:44  Refinery  
  63  8:47  Marine  
  63  8:48  Marine x4, Medivac  
  66  8:52  Supply Depot  
  70  8:58  SCV x2  
  72  9:06  Marine x2  
  72  9:07  Marine x3  
  77  9:10  SCV  
  77  9:12  SCV  
  77  9:15  Orbital Command  
  79  9:25  Siege Tank  
  79  9:27  Supply Depot  
  79  9:30  Marine x3  
  85  9:39  Marine  
  85  9:40  Marine  
  85  9:43  Supply Depot  
  85  9:44  Orbital Command  
  87  9:47  Marine  
  87  9:48  Marine x2  
  90  9:57  Marine  
  92  10:04  SCV x2  
  85  10:16  SCV  
  75  10:21  Marine  
Show
View Real Time Build Order
Export as new Build Order

Dropbear Terran - Winner!

Build Orders: 1/1/1, Widow Mine Drop 

Get SALT Encoding   

  12  0:00  SCV  
  13  0:13  SCV  
  14  0:18  Supply Depot  
  14  0:25  SCV  
  15  0:39  SCV  
  15  0:42  Barracks  
  16  0:46  Refinery  
  16  0:51  SCV  
  17  0:57  Refinery  
  17  1:04  SCV  
  18  1:16  SCV  
  19  1:29  Orbital Command  
  19  1:30  Marine  
  20  1:35  Factory  
  20  1:48  Supply Depot  
  20  1:51  Barracks Reactor  
  20  1:56  SCV  
  21  2:08  SCV  
  22  2:20  Starport  
  22  2:21  SCV  
  23  2:22  Widow Mine  
  23  2:27  Marine  
  23  2:28  Marine  
  27  2:34  SCV  
  26  2:45  Marine x2  
  26  2:50  SCV  
  29  2:54  Factory Tech Lab  
  29  2:57  Medivac  
  31  3:03  Supply Depot  
  31  3:11  Supply Depot  
  31  3:24  Cyclone, Marine x2  
  36  3:30  Medivac  
  38  3:42  Marine x2, Supply Depot  
  37  4:02  Marine x2  
  34  4:11  Banshee  
  34  4:12  Factory Tech Lab  
  34  4:14  Cloaking Field  
  37  4:20  Command Center, Marine  
  37  4:21  Marine  
  39  4:27  SCV  
  39  4:38  Marine  
  40  4:39  Siege Tank, Marine, SCV  
  45  4:46  Supply Depot  
  45  4:54  Banshee  
  45  4:57  SCV  
  49  5:13  Siege Tank  
  53  5:28  SCV  
  53  5:32  Orbital Command  
  53  5:40  SCV  
  54  5:47  Command Center  
  54  5:52  SCV  
  55  6:01  Medivac x2  
  59  6:15  Siege Tank  
  59  6:16  SCV x2  
  64  6:19  Refinery x2  
  64  6:28  SCV x2  
  63  6:38  Viking x2  
  66  6:42  SCV x2  
  68  6:48  Supply Depot  
  68  6:54  Hellion  
  70  6:55  SCV  
  70  6:56  SCV  
  70  7:00  Orbital Command  
  72  7:08  Viking, SCV  
  77  7:21  SCV  
  76  7:26  SCV  
  76  7:27  Siege Tank  
  80  7:31  Viking  
  80  7:34  SCV  
  76  7:59  Siege Tank  
  76  8:01  SCV x2  
  76  8:03  Factory  
  76  8:04  SCV  
  76  8:05  Factory  
  81  8:06  Starport Reactor  
  81  8:11  Supply Depot  
  81  8:12  Supply Depot  
  81  8:13  SCV x2  
  81  8:16  SCV  
  77  8:25  SCV  
  74  8:29  SCV  
  74  8:30  SCV  
  74  8:31  Siege Tank  
  79  8:38  SCV  
  81  8:41  SCV  
  81  8:42  SCV  
  81  8:44  Medivac x2  
  89  8:48  Siege Tank  
  89  8:50  Armory, SCV  
  89  8:52  Factory Reactor  
  89  8:53  SCV  
  89  8:55  SCV  
  92  9:02  SCV  
  93  9:05  SCV  
  93  9:07  SCV  
  95  9:12  Supply Depot  
  95  9:14  SCV  
  96  9:17  Refinery, SCV  
  96  9:19  Refinery, Supply Depot  
  96  9:20  Viking x2  
  101  9:34  Siege Tank, SCV x2  
  101  9:35  Supply Depot  
  101  9:36  Supply Depot  
  106  9:41  Engineering Bay  
  106  9:51  Hellion, Siege Tank  
  106  9:52  Hellion, Viking x2  
  117  9:55  Supply Depot  
  116  10:06  Siege Tank  
  119  10:13  Hellion x2  
  123  10:17  Orbital Command  
  109  10:27  SCV x2  
Tags
 
Add a new tag
Caveats
  • Supply blocks, unpowered buildings, or Contaminate may cause inaccurate times.
  • Supply counts are checked every 10 seconds.